Map: [ESL] Oceanborn

Players

Strange

  • Race: Protoss Protoss
  • Spawn Location: 11:00

Elazer - Winner!

  • Race: Zerg Zerg
  • Spawn Location: 5:00

Event: ESL SC2 Masters 2024 Spring (Regional)

VOD

Have the link to the VOD?

Description

Time

  • Played on: April 16, 2024, 11:06 a.m.
  • Length: 7:34

All games in this series

Show
View Real Time Build Order
Export as new Build Order

Strange Protoss 

Build Orders: 1 Gate Expand 

Get SALT Encoding   

  12  0:00  Probe  
  13  0:12  Probe  
  14  0:19  Pylon  
  14  0:24  Probe  
  15  0:37  Probe (Chrono Boost)  
  15  0:38  Gateway  
  16  0:46  Assimilator, Probe (Chrono Boost)  
  17  0:52  Probe  
  18  1:04  Probe  
  19  1:16  Probe  
  20  1:22  Nexus  
  20  1:31  Cybernetics Core  
  20  1:35  Probe  
  21  1:41  Assimilator  
  22  1:47  Probe  
  22  1:49  Pylon  
  22  1:59  Probe  
  23  2:05  Adept (Chrono Boost)  
  25  2:08  Warp Gate  
  25  2:11  Probe  
  25  2:22  Twilight Council  
  25  2:23  Probe  
  25  2:25  Adept (Chrono Boost)  
  28  2:35  Probe x2  
  30  2:45  Adept (Chrono Boost)  
  30  2:47  Probe x2  
  34  2:55  Resonating Glaives (Chrono Boost), Gateway  
  34  2:58  Gateway  
  34  3:03  Probe  
  35  3:05  Probe  
  35  3:10  Adept  
  38  3:16  Probe  
  38  3:18  Probe  
  40  3:20  Pylon  
  40  3:28  Probe  
  40  3:29  Pylon  
  40  3:30  Probe  
  42  3:40  Probe  
  43  3:42  Probe  
  43  3:45  Pylon  
  44  3:52  Probe  
  44  3:54  Probe  
  46  3:57  Adept x3  
  52  4:04  Robotics Facility, Probe  
  52  4:06  Assimilator, Probe  
  52  4:07  Assimilator  
  54  4:16  Forge, Probe  
  55  4:18  Probe  
  55  4:20  Sentry  
  55  4:21  Zealot  
  60  4:28  Probe  
  60  4:30  Probe  
  62  4:40  Probe  
  62  4:42  Probe  
  62  4:43  Protoss Ground Weapons Level 1 (Chrono Boost)  
  64  4:49  Pylon  
  64  4:53  Nexus  
  64  4:54  Pylon, Stalker  
  64  4:56  Observer  
  64  4:58  Probe x2  
  69  5:10  Probe x2  
  69  5:14  Robotics Bay  
  71  5:18  Shield Battery  
  71  5:22  Immortal (Chrono Boost), Probe x2  
  77  5:33  Gateway  
  77  5:34  Probe x2  
  79  5:40  Pylon  
  79  5:46  Probe  
  79  5:47  Probe  
  81  5:51  Pylon  
  81  5:58  Probe  
  81  5:59  Probe  
  81  6:01  Colossus (Chrono Boost)  
  83  6:05  Probe  
  83  6:07  Assimilator  
  83  6:09  Assimilator  
  83  6:11  Probe x2  
  92  6:12  Robotics Facility  
  92  6:17  Probe  
  93  6:18  Pylon  
  93  6:21  Sentry x2  
  93  6:23  Probe x2  
  99  6:29  Pylon  
  99  6:30  Probe  
  100  6:35  Probe  
  100  6:36  Probe  
  102  6:42  Pylon, Probe  
  102  6:43  Photon Cannon  
  102  6:45  Photon Cannon  
  103  6:48  Disruptor (Chrono Boost), Photon Cannon  
  107  6:58  Pylon  
  107  7:04  Adept x3  
  107  7:05  Adept  
  103  7:08  Probe x2  
  89  7:15  Probe  
  75  7:26  Stalker x4  
Show
View Real Time Build Order
Export as new Build Order

Elazer Zerg - Winner!

Build Orders: Hatch First 

Get SALT Encoding   

  12  0:00  Drone  
  13  0:08  Drone  
  13  0:14  Drone, Extractor  
  15  0:35  Hatchery  
  15  0:41  Drone, Extractor  
  15  0:47  Overlord  
  15  1:01  Spawning Pool  
  14  1:06  Drone  
  14  1:09  Drone  
  16  1:13  Drone  
  16  1:17  Drone  
  18  1:28  Drone  
  19  1:38  Drone  
  20  1:48  Queen  
  20  1:49  Zergling x2, Queen  
  20  1:54  Drone  
  26  2:00  Overlord, Drone  
  27  2:09  Drone  
  28  2:19  Drone  
  28  2:20  Drone  
  30  2:23  Hatchery  
  30  2:27  Queen  
  31  2:32  Drone  
  31  2:34  Overlord  
  32  2:41  Drone  
  32  2:44  Queen  
  35  2:51  Drone  
  35  2:54  Zergling x4  
  35  2:55  Zergling x2  
  39  3:01  Drone x2  
  39  3:03  Queen  
  39  3:04  Overlord  
  43  3:07  Drone  
  44  3:23  Drone x3  
  44  3:25  Extractor  
  44  3:26  Extractor  
  45  3:28  Roach Warren, Drone x4  
  48  3:34  Drone x3  
  48  3:38  Overlord  
  51  3:43  Drone x2  
  51  3:47  Drone x3  
  56  3:59  Overlord  
  56  4:02  Overlord  
  56  4:11  Roach x4  
  56  4:14  Evolution Chamber  
  56  4:15  Spore Crawler  
  64  4:17  Roach  
  64  4:23  Roach  
  66  4:26  Roach  
  63  4:33  Roach  
  63  4:34  Overlord  
  63  4:35  Drone x9  
  73  4:43  Drone x3  
  73  4:46  Drone  
  73  4:48  Drone x3  
  73  4:51  Drone x2  
  77  4:56  Extractor  
  77  4:57  Extractor  
  75  5:00  Overlord  
  75  5:02  Extractor  
  75  5:03  Extractor  
  73  5:07  Drone x7  
  73  5:14  Overlord x2  
  80  5:15  Overlord  
  80  5:16  Overlord  
  80  5:24  Roach  
  80  5:28  Roach x2  
  86  5:29  Metabolic Boost  
  86  5:30  Overlord  
  86  5:31  Roach  
  86  5:32  Roach  
  86  5:34  Roach x2  
  94  5:36  Overlord  
  94  5:40  Roach x2  
  98  5:44  Roach x2  
  102  5:51  Roach x2  
  102  5:54  Roach  
  102  5:55  Roach x2  
  112  5:58  Overlord  
  112  6:05  Roach  
  112  6:06  Zergling x2  
  112  6:07  Zergling x10  
  112  6:10  Zergling x2  
  121  6:11  Ravager x4  
  121  6:16  Ravager x4  
  121  6:17  Zergling x2  
  130  6:20  Zergling x4  
  130  6:22  Ravager  
  130  6:25  Overlord  
  133  6:30  Zergling x14  
  140  6:34  Zergling x2  
  140  6:35  Ravager x3  
  144  6:41  Zergling x2  
  144  6:42  Zergling x6  
  144  6:47  Zergling x4, Ravager  
  150  6:48  Ravager  
  150  6:49  Ravager  
  150  6:51  Zergling x2  
  150  6:52  Zergling x4  
  150  6:54  Zergling x4  
  157  7:08  Zergling x16  
  112  7:32  Hatchery  
Tags
 
Add a new tag
Caveats
  • Supply blocks, unpowered buildings, or Contaminate may cause inaccurate times.
  • Supply counts are checked every 10 seconds.